AoeStats
← Placebo33

Glade

510538242Analyzed
1v1 RM · 2d ago on Oct 1, 2026· 47m 46s· 2 players
Game mode
Random Map
Map size
Tiny (2 player)
Population
200
Speed
Normal
Resources
Standard
Victory
Conquest
Starting age
Dark Age
Ending age
Imperial Age
RankedLock teamsTeams togetherTeam positionsShared explorationLock speedFull tech treeHidden civsTurbo modeCheats
Victory
Defeat
🇨🇱 Franks · Chile
724
+17
🇫🇷 Franks · France
753
-17
evoctorevoctor
12:31 Feudal Age
18:29 Castle Age
17:34 Fletching
18:47 Padded Archer Armor
23:17 Scale Barding Armor
28:44 Gold Mining
29:20 Chain Barding Armor
29:11 Forging
28:29 Pikeman
29:53 Double-Bit Axe
31:28 Crossbowman
32:50 Iron Casting
38:51 Imperial Age
36:59 Wheelbarrow
36:09 Town Watch
36:38 Scale Mail Armor
37:58 Gold Shaft Mining
38:04 Hand Cart
39:26 Chain Mail Armor
40:47 Blast Furnace
40:23 Plate Barding Armor
39:28 Cavalier
41:24 Husbandry
41:28 Paladin
Placebo33
5:51 Loom
12:48 Feudal Age
13:43 Double-Bit Axe
18:59 Castle Age
18:26 Wheelbarrow
19:11 Gold Mining
20:21 Scale Barding Armor
20:27 Forging
21:54 Stone Mining
24:59 Chain Barding Armor
25:16 Iron Casting
24:55 Pikeman
29:32 Pikeman
30:50 Crossbowman
33:06 Squires
36:20 Husbandry
44:34 Imperial Age
44:08 Gold Shaft Mining
44:13 Scale Mail Armor
44:16 Padded Archer Armor
44:07 Fletching
45:36 Hand Cart
Connection lost

Rejoining the realm…

Still unreachable

The connection could not be restored.

Session expired

The server has moved on; the page needs a fresh start.